NWL (28 & UNDER)
SAN DIEGO SMASHERS @ LA CROSSE LOGGERS
08/31/2025
 
TOP OF THE 1ST
San Diego Smashers batting - Pitching for La Crosse Loggers : LHP George Moore
Pitching: LHP George Moore
Batting: RHB Ryan Cates 0-0: Ball
1-0: Swinging Strike
1-1: Ball
2-1: Ball
3-1: Called Strike
3-2: Foul Ball, location: 2F
3-2: Foul Ball, location: 2F
3-2: Strikes out swinging
Batting: RHB Armando Colón 0-0: Called Strike
0-1: Swinging Strike
0-2: Ground out 4-3 (Groundball, 4)
Batting: LHB Ray Bryant 0-0: Called Strike
0-1: Ball
1-1: Called Strike
1-2: SINGLE (Line Drive, 6D)
Batting: RHB Marty Hendrickson 0-0: Foul Ball, location: 2F
0-1: Ball
1-1: Ball
2-1: SINGLE (Groundball, 23) (infield hit)
Ray Bryant to second
Batting: SHB Chris Woods 0-0: Foul Ball, location: 2F
0-1: Ball
1-1: Foul Ball, location: 2F
1-2: Ball
2-2: Ball
3-2: Base on Balls
Ray Bryant to third
Marty Hendrickson to second
Batting: SHB Adrián Nieto 0-0: Ball
1-0: Called Strike
1-1: Ball
2-1: SINGLE (Line Drive, 7LS)
Ray Bryant scores
Marty Hendrickson to third
Chris Woods to second
Batting: RHB Fred Ameris 0-0: Called Strike
0-1: Called Strike
0-2: Ball
1-2: Ball
2-2: Strikes out swinging
Top of the 1st over - 1 run(s), 3 hit(s), 0 error(s), 3 left on base; San Diego 1 - La Crosse 0
BOTTOM OF THE 1ST
La Crosse Loggers batting - Pitching for San Diego Smashers : LHP John Lawson
Pitching: LHP John Lawson
Batting: LHB Ricardo Ruíz 0-0: Ball
1-0: Called Strike
1-1: Fly out, F3 (Line Drive, 3L)
Batting: RHB James Jenkins 0-0: Foul Ball, location: 2F
0-1: Ball
1-1: Ball
2-1: Swinging Strike
2-2: Strikes out swinging
Batting: RHB Bruce Brooks 0-0: Called Strike
0-1: Swinging Strike
0-2: Strikes out looking
Bottom of the 1st over - 0 run(s), 0 hit(s), 0 error(s), 0 left on base; San Diego 1 - La Crosse 0
TOP OF THE 2ND
San Diego Smashers batting - Pitching for La Crosse Loggers : LHP George Moore
Batting: LHB Francisco Medina 0-0: Called Strike
0-1: Ball
1-1: Fly out, F6 (Popup, 78S)
Batting: RHB Ricardo Guzmán 0-0: Ball
1-0: Ball
2-0: Ball
3-0: Base on Balls
Batting: RHB Ryan Cates 0-0: Ball
Ricardo Guzmán is caught stealing 2nd base
1-0: Fly out, F6 (Popup, 6D)
Top of the 2nd over - 0 run(s), 0 hit(s), 0 error(s), 0 left on base; San Diego 1 - La Crosse 0
BOTTOM OF THE 2ND
La Crosse Loggers batting - Pitching for San Diego Smashers : LHP John Lawson
Batting: RHB James Green 0-0: Fly out, F8 (Line Drive, 8RM)
Batting: LHB Enrique Tirado 0-0: Ball
1-0: Called Strike
1-1: Ball
2-1: SINGLE (Line Drive, 5D)
Batting: RHB Danny Campbell 0-0: Fly out, F1 (Popup, 23)
Batting: RHB Kirk Powell 0-0: Ball
1-0: Swinging Strike
1-1: Ball
2-1: Foul Ball, location: 2F
2-2: Foul Ball, location: 2F
2-2: Fly out, F2 (Popup, 2LF)
Bottom of the 2nd over - 0 run(s), 1 hit(s), 0 error(s), 1 left on base; San Diego 1 - La Crosse 0
TOP OF THE 3RD
San Diego Smashers batting - Pitching for La Crosse Loggers : LHP George Moore
Batting: RHB Armando Colón 0-0: Called Strike
0-1: Ball
1-1: Called Strike
1-2: Foul Ball, location: 2F
1-2: Foul Ball, location: 2F
1-2: Ball
2-2: Strikes out swinging
Batting: LHB Ray Bryant 0-0: Ball
1-0: Ball
2-0: Ground out 1-3 (Groundball, 15)
Batting: RHB Marty Hendrickson 0-0: Called Strike
0-1: Foul Ball, location: 2F
0-2: Strikes out swinging
Top of the 3rd over - 0 run(s), 0 hit(s), 0 error(s), 0 left on base; San Diego 1 - La Crosse 0
BOTTOM OF THE 3RD
La Crosse Loggers batting - Pitching for San Diego Smashers : LHP John Lawson
Batting: RHB Vernon Romo 0-0: Ball
1-0: Called Strike
1-1: Foul Ball, location: 2F
1-2: Strikes out looking
Batting: LHB David Doyle 0-0: Called Strike
0-1: Fly out, F9 (Flyball, 9M)
Batting: LHB Ricardo Ruíz 0-0: SINGLE (Line Drive, 34D)
Batting: RHB James Jenkins 0-0: Fly out, F9 (Flyball, 9D)
Bottom of the 3rd over - 0 run(s), 1 hit(s), 0 error(s), 1 left on base; San Diego 1 - La Crosse 0
TOP OF THE 4TH
San Diego Smashers batting - Pitching for La Crosse Loggers : LHP George Moore
Batting: SHB Chris Woods 0-0: Ball
1-0: Called Strike
1-1: SINGLE (Groundball, 56D)
Batting: SHB Adrián Nieto 0-0: Fielders Choice at 2nd, 6-4 (Groundball, 6M)
Batting: RHB Fred Ameris 0-0: Ball
1-0: Ball
2-0: Ball
3-0: Base on Balls
Adrián Nieto to second
Batting: LHB Francisco Medina 0-0: Swinging Strike
0-1: Foul Ball, location: 2F
0-2: Ball
1-2: Ball
2-2: Foul Ball, location: 2F
2-2: Strikes out swinging
Batting: RHB Ricardo Guzmán 0-0: Ball
1-0: DOUBLE (Line Drive, 5L)
Adrián Nieto scores
Fred Ameris to third
Batting: RHB Ryan Cates 0-0: Foul Ball, location: 2F
0-1: Swinging Strike
0-2: Ball
1-2: Fly out, F9 (Flyball, 89S)
Top of the 4th over - 1 run(s), 2 hit(s), 0 error(s), 2 left on base; San Diego 2 - La Crosse 0
BOTTOM OF THE 4TH
La Crosse Loggers batting - Pitching for San Diego Smashers : LHP John Lawson
Batting: RHB Bruce Brooks 0-0: Ball
1-0: Ball
2-0: Fly out, F9 (Flyball, 89XD)
Batting: RHB James Green 0-0: Called Strike
0-1: Ground out 6-3 (Groundball, 6)
Batting: LHB Enrique Tirado 0-0: Foul Ball, location: 2F
0-1: Called Strike
0-2: Foul Ball, location: 2F
0-2: Ground out U3 (Groundball, 3S)
Bottom of the 4th over - 0 run(s), 0 hit(s), 0 error(s), 0 left on base; San Diego 2 - La Crosse 0
TOP OF THE 5TH
San Diego Smashers batting - Pitching for La Crosse Loggers : LHP George Moore
Batting: RHB Armando Colón 0-0: Ball
1-0: Ball
2-0: Foul Ball, location: 2F
2-1: Ball
3-1: Base on Balls
Batting: LHB Ray Bryant 0-0: Called Strike
0-1: Ball
1-1: Fly out, F6 (Line Drive, 6M)
Batting: RHB Marty Hendrickson 0-0: Swinging Strike
0-1: Ball
1-1: Called Strike
1-2: Ball
2-2: Foul Ball, location: 2F
2-2: Foul Ball, location: 2F
2-2: Foul Ball, location: 2F
2-2: Foul Ball, location: 2F
2-2: Ball
3-2: Foul Ball, location: 2F
3-2: Strikes out swinging
Pitching: LHP Pablo Solíz
Batting: SHB Chris Woods 0-0: Called Strike
0-1: Called Strike
0-2: Ball
1-2: Ball
2-2: Ball
3-2: Foul Ball, location: 2F
3-2: Fly out, F9 (Flyball, 89D)
Top of the 5th over - 0 run(s), 0 hit(s), 0 error(s), 1 left on base; San Diego 2 - La Crosse 0
BOTTOM OF THE 5TH
La Crosse Loggers batting - Pitching for San Diego Smashers : LHP John Lawson
Batting: RHB Danny Campbell 0-0: Called Strike
0-1: Ball
1-1: Ball
2-1: Ground out 5-3 (Groundball, 56)
Batting: RHB Kirk Powell 0-0: Ball
1-0: Called Strike
1-1: Fly out, F3 (Popup, 9LSF)
Batting: RHB Vernon Romo 0-0: Ground out 6-3 (Groundball, 6)
Bottom of the 5th over - 0 run(s), 0 hit(s), 0 error(s), 0 left on base; San Diego 2 - La Crosse 0
TOP OF THE 6TH
San Diego Smashers batting - Pitching for La Crosse Loggers : LHP Pablo Solíz
Batting: SHB Adrián Nieto 0-0: Ball
1-0: Called Strike
1-1: Foul Ball, location: 2F
1-2: Ball
2-2: Foul Ball, location: 2F
2-2: Foul Ball, location: 2F
2-2: Fly out, F9 (Flyball, 9LS)
Batting: RHB Fred Ameris 0-0: Fly out, F8 (Flyball, 8LS)
Batting: LHB Francisco Medina 0-0: Foul Ball, location: 2F
0-1: Called Strike
0-2: Foul Ball, location: 2F
0-2: Foul Ball, location: 2F
0-2: Strikes out swinging
Top of the 6th over - 0 run(s), 0 hit(s), 0 error(s), 0 left on base; San Diego 2 - La Crosse 0
BOTTOM OF THE 6TH
La Crosse Loggers batting - Pitching for San Diego Smashers : LHP John Lawson
Batting: LHB David Doyle 0-0: Ball
1-0: Ball
2-0: DOUBLE (Line Drive, 89M)
Batting: LHB Ricardo Ruíz 0-0: Ball
1-0: Ball
2-0: Ball
3-0: Base on Balls
Batting: RHB James Jenkins 0-0: Ball
1-0: Called Strike
1-1: Ball
2-1: SINGLE (Groundball, 25) (infield hit)
David Doyle to third
Ricardo Ruíz to second
Batting: RHB Bruce Brooks 0-0: Called Strike
0-1: Ball
1-1: Grounds into double play, 6-4-3 (Groundball, 6)
David Doyle scores
Ricardo Ruíz to third
Batting: RHB James Green 0-0: SINGLE (Line Drive, 6MD)
Ricardo Ruíz scores
Batting: LHB Enrique Tirado 0-0: Ball
1-0: Foul Ball, location: 2F
1-1: Ball
2-1: Fly out, F8 (Flyball, 8RM)
Bottom of the 6th over - 2 run(s), 3 hit(s), 0 error(s), 1 left on base; San Diego 2 - La Crosse 2
TOP OF THE 7TH
San Diego Smashers batting - Pitching for La Crosse Loggers : LHP Pablo Solíz
Pinch Hitting: RHB Bill Savage 0-0: Ball
1-0: Foul Ball, location: 2F
1-1: Ball
2-1: Ball
3-1: Base on Balls
Pinch Hitting: RHB Brandon Callahan 0-0: Bunt - Flyout! F1
Batting: RHB Armando Colón 0-0: Called Strike
Pickoff Throw by Catcher to First - Out!
0-1: Foul Ball, location: 2F
0-2: Ball
1-2: Ball
2-2: Strikes out swinging
Top of the 7th over - 0 run(s), 0 hit(s), 0 error(s), 0 left on base; San Diego 2 - La Crosse 2
BOTTOM OF THE 7TH
La Crosse Loggers batting - Pitching for San Diego Smashers : LHP John Lawson
Now at 2B: Brandon Callahan
Now in CF: Jaime Icaza
Batting: RHB Danny Campbell 0-0: Ground out 4-3 (Groundball, 4)
Batting: RHB Kirk Powell 0-0: Swinging Strike
0-1: Ball
1-1: Foul Ball, location: 2F
1-2: Foul Ball, location: 2F
1-2: Strikes out swinging
Batting: RHB Vernon Romo 0-0: Called Strike
0-1: Swinging Strike
0-2: Ball
1-2: Ball
2-2: Ground out 4-3 (Groundball, 4M)
Bottom of the 7th over - 0 run(s), 0 hit(s), 0 error(s), 0 left on base; San Diego 2 - La Crosse 2
TOP OF THE 8TH
San Diego Smashers batting - Pitching for La Crosse Loggers : LHP Pablo Solíz
Batting: LHB Ray Bryant 0-0: Ball
1-0: SOLO HOME RUN (Line Drive, 9D), Distance : 374 ft
Pitching: LHP Nathan Ortíz
Batting: RHB Marty Hendrickson 0-0: Called Strike
0-1: Ball
1-1: Ball
2-1: SINGLE (Line Drive, 4M)
Batting: SHB Chris Woods 0-0: Ball
1-0: SINGLE (Groundball, 4MD)
Marty Hendrickson to second
Batting: SHB Adrián Nieto 0-0: Called Strike
0-1: Ball
1-1: Foul Ball, location: 2F
1-2: Strikes out swinging
Batting: RHB Fred Ameris 0-0: Swinging Strike
0-1: Ball
1-1: Foul Ball, location: 2F
1-2: Foul Ball, location: 2F
1-2: Fly out, F8 (Flyball, 8RS)
1-2: Lined into DP, 8-6 (Flyball, 8RS)
Top of the 8th over - 1 run(s), 3 hit(s), 0 error(s), 1 left on base; San Diego 3 - La Crosse 2
BOTTOM OF THE 8TH
La Crosse Loggers batting - Pitching for San Diego Smashers : LHP John Lawson
Batting: LHB David Doyle 0-0: Foul Ball, location: 2F
0-1: Called Strike
0-2: Strikes out looking
Batting: LHB Ricardo Ruíz 0-0: SINGLE (Groundball, 56D)
Batting: RHB James Jenkins 0-0: Ball
1-0: Ground out 5-3 (Groundball, 56S)
Ricardo Ruíz to second
Batting: RHB Bruce Brooks 0-0: Fly out, F8 (Flyball, 8LM)
Bottom of the 8th over - 0 run(s), 1 hit(s), 0 error(s), 1 left on base; San Diego 3 - La Crosse 2
TOP OF THE 9TH
San Diego Smashers batting - Pitching for La Crosse Loggers : LHP Nathan Ortíz
Pitching: RHP Chad Bennett
Batting: LHB Francisco Medina 0-0: Swinging Strike
0-1: Called Strike
0-2: Foul Ball, location: 2F
0-2: Strikes out swinging
Batting: LHB Jaime Icaza 0-0: Ball
1-0: Ball
2-0: Ball
3-0: Base on Balls
Batting: RHB Brandon Callahan 0-0: Fly out, F9 (Flyball, 9LS)
Pinch Hitting: LHB Ken Phillips 0-0: SINGLE (Line Drive, 89S)
Jaime Icaza to second
Batting: LHB Ray Bryant 0-0: Ball
1-0: Called Strike
1-1: Ball
2-1: Ball
3-1: Foul Ball, location: 2F
3-2: Base on Balls
Jaime Icaza to third
Ken Phillips to second
Batting: RHB Marty Hendrickson 0-0: Ball
1-0: Fly out, F7 (Flyball, 78S)
Top of the 9th over - 0 run(s), 1 hit(s), 0 error(s), 3 left on base; San Diego 3 - La Crosse 2
BOTTOM OF THE 9TH
La Crosse Loggers batting - Pitching for San Diego Smashers : LHP John Lawson
Pitching: RHP Doug Singleton
Now at 1B: Ken Phillips
Batting: RHB James Green 0-0: Ball
1-0: Called Strike
1-1: Swinging Strike
1-2: Foul Ball, location: 2F
1-2: Ball
2-2: Strikes out swinging
Batting: LHB Enrique Tirado 0-0: Ball
1-0: Called Strike
1-1: Fly out, F7 (Flyball, 78M)
Batting: RHB Danny Campbell 0-0: Called Strike
0-1: Ball
1-1: Ball
2-1: Foul Ball, location: 2F
2-2: Foul Ball, location: 2F
2-2: Strikes out swinging
Bottom of the 9th over - 0 run(s), 0 hit(s), 0 error(s), 0 left on base; San Diego 3 - La Crosse 2
This league is powered by Out of the Park Baseball, the baseball management simulation game for PC, Mac and Linux
Tuesday, August 2nd, 2016 - OOTP Baseball 16.8 Build 38